 Dungeon Crawl Stone Soup version 0.18.1-50-g88ac8fd (webtiles) character file.

234 Charly the Covert (level 5, 0/24 HPs)
             Began as a Spriggan Enchanter on Oct 2, 2016.
             Slain by Joseph
             ... wielding a +0 quarterstaff
              (9 damage)
             ... on level 7 of the Dungeon.
             The game lasted 00:10:10 (539 turns).

Charly the Covert (Spriggan Enchanter)               Turns: 539, Time: 00:10:11

Health: 0/24       AC:  4    Str:  4    XL:     5   Next: 75%
Magic:  1/10       EV: 18    Int: 18    God:
Gold:   47         SH:  0    Dex: 16    Spells: 3 memorised, 3 levels left

rFire  . . .     SeeInvis +     a - +2 dagger
rCold  . . .     Gourm    .     b - +1 robe
rNeg   . . .     Faith    .     (shield restricted)
rPois  .         Spirit   .     (helmet restricted)
rElec  .         Dismiss  .     s - +0 cloak
rCorr  .         Reflect  .     (gloves unavailable)
SustAt +         Harm     .     (boots unavailable)
MR     .....                    (no amulet)
Stlth  +++++.....               (no ring)
                                p - ring of sustain attributes

@: very quick, not resistant to hostile enchantments, quite stealthy
A: unfitting armour, see invisible, herbivore 3, speed 3, slow metabolism 2
a: no special abilities


You were on level 7 of the Dungeon.
You were not hungry.

You visited 1 branch of the dungeon, and saw 8 of its levels.

You collected 47 gold pieces.

Inventory:

Hand Weapons
 a - a +2 dagger (weapon)
Armour
 b - a +1 robe (worn)
 s - a +0 cloak (worn)
Jewellery
 p - a ring of sustain attributes (left hand)
Wands
 f - a wand of confusion (17/48)
 g - a wand of digging (12/24)
Scrolls
 j - 2 scrolls of vulnerability {unknown}
 k - a scroll of enchant weapon
 n - a scroll of fog {unknown}
 r - a scroll of remove curse {unknown}
Potions
 e - a potion of mutation {unknown}
 h - 3 potions of curing
 i - a potion of degeneration {unknown}
 l - a potion of invisibility {unknown}
 o - a potion of flight {unknown}
 q - a potion of haste
Books
 c - a book of Maledictions

   Spells                             Type                      Level
   a - Corona                         Hexes                        1
   b - Ensorcelled Hibernation        Hexes/Ice                    2
   c - Confuse                        Hexes                        3
   d - Tukima's Dance                 Hexes                        3
   e - Dazzling Spray                 Conjuration/Hexes            3
Comestibles
 d - a bread ration


   Skills:
 + Level 1.1 Short Blades
 - Level 3.0 Dodging
 * Level 8.5 Stealth
 + Level 2.7 Spellcasting
 * Level 5.4 Hexes


You had 3 spell levels left.
You knew the following spells:

 Your Spells              Type           Power        Failure   Level  Hunger
a - Corona                Hex            ###....      1%          1    None
c - Confuse               Hex            ###.....     6%          3    ###....
h - Ensorcelled Hibernat  Hex/Ice        ##....       12%         2    ##.....


Dungeon Overview and Level Annotations

Branches:
Dungeon (8/15)
 Temple: D:4-7         Lair: D:8-11

Altars:
Cheibriados
Fedhas
Makhleb
Qazlal
Vehumet
Zin

Shops:
D:6 [

Annotations:
D:4 Dowan, Duvessa
D:7 Joseph


Innate Abilities, Weirdness & Mutations

You are tiny and cannot use many weapons and most armour.
You have supernaturally acute eyesight.
You are a herbivore.
You cover ground extremely quickly.
You need consume almost no food.


Message History

Casting: Confuse
Confirm with . or Enter, or press ? or * to list all spells.
Aiming: Confuse
Press: ? - help, Shift-Dir - straight line, f/p - Joseph
Aim: Joseph, wielding a quarterstaff and wearing a ring mail (heavily wounded, chance to defeat MR: 34%) Joseph easily resists.
The orc barely misses you.
Casting: Confuse
Confirm with . or Enter, or press ? or * to list all spells.
You don't have enough magic to cast that spell.
Casting: Confuse
Confirm with . or Enter, or press ? or * to list all spells.
Aiming: Ensorcelled Hibernation
Press: ? - help, Shift-Dir - straight line, f/p - Joseph
Aim: Joseph, wielding a quarterstaff and wearing a ring mail (heavily wounded, chance to defeat MR: 26%) Joseph resists with almost no effort.
Joseph tries to grin evilly.
Joseph barely misses you.
The orc throws a steel tomahawk.
The steel tomahawk completely misses you.
Joseph hits you with a quarterstaff!
You die...

,,,,* #........### *,*
,**** ######.### *,* ,*
#.# *,* ,* #.# *,* ,*
##o## *,** ,* ##...## *,,*
,*** ##.....## ***,* ,*,**
*#.....o.## **,*,*
,,,,***#.......@@#***,,,,*
,,,,,,,+.........+,,,,,,,*
,,,,***#.........#***,,,,*
,*,** ##.......## **,*,*
,*** ##.....## ***,* ,*
##...## ***,* ,* ##+#*
*,,,* ,* ********,*******
*,*** ,* *,,,,,,,,,,,,,,*
*,*


You could see Joseph and 2 orcs.

Vanquished Creatures
  An ice beast (D:7)
  A scorpion (D:4)
  A hound (D:5)
  A worker ant (D:6)
  2 adders (D:5)
  A shadow imp (D:5)
  An ooze (D:3)
  A worm (D:4)
  A giant gecko (D:5)
  An orc (D:6)
  A hobgoblin (D:3)
  A jackal (D:3)
13 creatures vanquished.

Notes
Turn   | Place    | Note
--------------------------------------------------------------
     0 | D:1      | Charly the Spriggan Enchanter began the quest for the Orb.
     0 | D:1      | Reached XP level 1. HP: 9/9 MP: 5/5
     0 | D:1      | 4
    80 | D:3      | Found a radiant altar of Vehumet.
   135 | D:3      | Found a snail-covered altar of Cheibriados.
   156 | D:4      | Noticed Duvessa
   156 | D:4      | Noticed Dowan
   156 | D:4      | Noticed a worker ant
   194 | D:4      | Noticed a scorpion
   195 | D:4      | Reached skill level 5 in Stealth
   195 | D:4      | Reached XP level 2. HP: 8/13 MP: 6/6
   198 | D:4      | Killed a scorpion
   198 | D:4      | Reached skill level 6 in Stealth
   198 | D:4      | Reached XP level 3. HP: 10/16 MP: 8/8
   199 | D:4      | Found a glowing silver altar of Zin.
   209 | D:5      | Entered Level 5 of the Dungeon
   242 | D:5      | Learned a level 3 spell: Confuse
   245 | D:5      | Learned a level 2 spell: Ensorcelled Hibernation
   274 | D:5      | Reached XP level 4. HP: 14/21 MP: 9/9
   308 | D:5      | Reached skill level 7 in Stealth
   327 | D:6      | Found a stormy altar of Qazlal.
   328 | D:6      | Found a blossoming altar of Fedhas.
   329 | D:6      | Found a burning altar of Makhleb.
   332 | D:6      | Reached skill level 5 in Hexes
   381 | D:5      | Reached XP level 5. HP: 16/24 MP: 6/10
   413 | D:7      | Noticed an ice beast
   416 | D:7      | Killed an ice beast
   416 | D:7      | Reached skill level 8 in Stealth
   433 | D:8      | Noticed an ogre
   504 | D:6      | Found Zoco's Antique Armour Shop.
   530 | D:7      | Noticed Joseph
   539 | D:7      | Slain by Joseph

Skill      XL: |  1  2  3  4  5 |
---------------+----------------+-----
Stealth        | 5 6 7 8 |  8.5
Hexes          | 4 5 |  5.4
Short Blades   | |  1.1
Dodging        | |  3.0
Spellcasting   | |  2.7

Action                   |  1- 3 |  4- 6 || total
-------------------------+-------+-------++-------
Melee: Dagger            |    23 |    16 ||    39
 Cast: Corona            |     2 |       ||     2
       Ensorcelled Hiber |       |     4 ||     4
       Confuse           |       |     3 ||     3
Evoke: Wand              |     3 |       ||     3
  Use: Scroll            |       |     4 ||     4
 Stab: Sleeping          |     4 |     6 ||    10
       Confused          |     1 |     1 ||     2
Armor: Robe              |    15 |     2 ||    17
Dodge: Dodged            |    33 |     7 ||    40
